 Dungeon Crawl Stone Soup version 0.21.1-1-g345015f (webtiles) character file.

483 Firecrotchwizard the Cleaver (level 7, 0/62 HPs)
             Began as a Hill Orc Monk on Apr 8, 2018.
             Was a Believer of Makhleb.
             Killed from afar by Dowan (7 damage)
             ... with a stone arrow
             ... on level 4 of the Dungeon.
             The game lasted 00:06:07 (4253 turns).

Firecrotchwizard the Cleaver (Hill Orc Monk)        Turns: 4253, Time: 00:06:07

Health: 0/62       AC:  8    Str: 16    XL:     7   Next: 12%
Magic:  7/7        EV: 11    Int: 10    God:    Makhleb [**....]
Gold:   61         SH:  0    Dex: 13    Spells: 6/6 levels left

rFire    . . .     SeeInvis +   o - +0 dagger (elec)
rCold    . . .     Gourm    .   (no shield)
rNeg     . . .     Faith    .   r - +0 chain mail
rPois    .         Spirit   .   (no helmet)
rElec    .         Reflect  .   (no cloak)
rCorr    .         Harm     .   (no gloves)
MR       .....                  (no boots)
Stlth    ..........             (no amulet)
HPRegen  0.20/turn              g - ring of see invisible (curse) {sInv, !d}
MPRegen  0.10/turn              m - +4 ring of evasion

@: no status effects
A: no striking features
a: Minor Destruction, Renounce Religion


You were on level 4 of the Dungeon.
You worshipped Makhleb.
Makhleb was pleased with you.
You were not hungry.

You visited 1 branch of the dungeon, and saw 4 of its levels.

You collected 61 gold pieces.

Inventory:

Hand Weapons
 a - a +0 hand axe
 o - a +0 dagger of electrocution (weapon)
   (You took it off a kobold on level 1 of the Dungeon)
Armour
 b - a +0 robe
 r - a +0 chain mail (worn)
   (You found it on level 1 of the Dungeon)
Jewellery
 g - a cursed ring of see invisible (left hand) {sInv, !d}
   (You found it on level 1 of the Dungeon)
 m - a +4 ring of evasion (right hand)
   (You found it on level 1 of the Dungeon)
 q - a +3 amulet of reflection {unknown}
   (You found it on level 2 of the Dungeon)
Scrolls
 d - 4 scrolls of remove curse {unknown}
 i - a scroll of enchant weapon {unknown}
 j - 4 scrolls of identify {unknown}
 l - 3 scrolls of magic mapping {unknown}
 n - 2 scrolls of amnesia {unknown}
 u - a scroll of random uselessness {unknown}
 w - a scroll of teleportation {unknown}
 x - 2 scrolls of fog {unknown}
Potions
 e - 2 potions of haste
 f - a potion of brilliance {unknown}
 h - 2 potions of might {unknown}
 k - a potion of curing {unknown}
 p - a potion of cancellation {unknown}
 s - 2 potions of flight {unknown}
 t - a potion of lignification {unknown}
Comestibles
 c - 6 rations {@e1}
 v - 8 chunks of flesh {@w0}


   Skills:
 + Level 5.9 Fighting
 * Level 8.4 Axes
 + Level 1.8 Armour
 - Level 2.4 Dodging
 - Level 1.5 Stealth
 + Level 1.2 Invocations


You had 6 spell levels left.
You didn't know any spells.

Dungeon Overview and Level Annotations

Branches:
Dungeon (4/15)
 Temple: D:4-7

Altars:
Dithmenos
Makhleb

Annotations:
D:4 Dowan


Message History

You butcher the hound corpse.
v - 4 chunks of flesh {@w0} (gained 3)
You see here a human corpse.
You butcher the human corpse.
v - 7 chunks of flesh {@w0} (gained 3)
There is a burning altar of Makhleb here.
You kneel at the altar of Makhleb.
Makhleb welcomes you!
You can now gain health from killing.
You can now harness Makhleb's destructive might.
Autoeating chunks.
Eating one of 7 chunks of flesh {@w0}.
You eat one of the 7 chunks of flesh {@w0}.
n - 2 scrolls labeled NAHUGR SELAEH (gained 1) Done exploring.
Done exploring.
Done exploring.
(D) Dungeon
Where to? (Enter - D:2 @ (x,y), ? - help)
Things that are here:
a hand axe; a club; a spear You see here a spear.
There is a stone staircase leading down here.
You climb downwards.
A quokka comes into view.
There is a stone staircase leading up here.
A quokka is nearby!
The quokka bites you but does no damage.
You hit the quokka but do no damage.
The quokka bites you but does no damage.
You hit the quokka. The quokka closely misses you.
You hit the quokka. The quokka barely misses you.
The quokka bites you but does no damage.
You hit the quokka but do no damage. Lightning courses through the quokka!
You kill the quokka!
Makhleb accepts your kill.
You butcher the quokka corpse.
v - 8 chunks of flesh {@w0} (gained 2)
You see here a quokka skeleton. x2
Duvessa and Dowan come into view.
Dowan is wielding a dagger of electrocution.
Dowan drinks a potion.
Dowan seems to speed up.
Dowan casts a spell.
Dowan blinks!
You hit Duvessa but do no damage. You hit Duvessa.
Duvessa hits you with an enchanted rapier!
Dowan mumbles some strange words.
Dowan blinks!
You take 8 damage, and have 49/57 hp.
You hit Duvessa but do no damage. Lightning courses through Duvessa!
Duvessa hits you with an enchanted rapier.
You take 6 damage, and have 43/57 hp.
You hit Duvessa but do no damage.
Duvessa hits you with an enchanted rapier.
You take 1 damage, and have 42/57 hp.
You hit Duvessa but do no damage. Lightning courses through Duvessa!
You kill Duvessa!
Makhleb accepts your kill.
You feel better.
Dowan screams, "No!
No!"
Dowan seems to find hidden reserves of power!
Your Invocations skill increases to level 1!
You have reached level 7!
Dowan casts a spell.
Dowan blinks!
You regained 9 hp, and now have 51/62 hp.
MP restored: 7
Things that are here:
an enchanted rapier; a leather armour There isn't anything to butcher here.
Dowan says, "How can I live without her?"
Dowan hits you but does no damage.
You are electrocuted!
You take 8 damage, and have 44/62 hp.
You hit Dowan. Lightning courses through Dowan!
Dowan casts a spell.
Dowan blinks!
Unknown command.
Dowan closely misses you.
You barely miss Dowan. Dowan closely misses you.
You hit Dowan. Dowan hits you but does no damage.
Dowan hits you with a dagger of electrocution.
You take 3 damage, and have 42/62 hp.
You closely miss Dowan. Dowan gestures at you while chanting.
The shard of ice hits you!
You take 20 damage, and have 22/62 hp.
MASSIVE DAMAGE!!
You completely miss Dowan. Dowan hits you but does no damage.
You are electrocuted!
* * * LOW HITPOINT WARNING * * *
Dowan hits you but does no damage.
You take 16 damage, and have 6/62 hp.
MASSIVE DAMAGE!!
You completely miss Dowan. Dowan gestures at you while chanting.
The stone arrow hits you!
You die...

#.####..#.#
####..#......##(...#
......#.#######....#
#
####...........$.(.#
.. #
##.#.######.....##$
# #.#.# #....... #
#.#.# #.....# #
#.#.# #..e..#
#####.#.# #..@#
##......########.#
....#.###....)...#
##..#.# #.########
#....# #.# ##.###
#.# #.# #.#
#.#####.# #.......#


You could see Dowan.

Vanquished Creatures
  The ghost of doroboNeko the Conjurer, an amateur OpCj (D:3)
  Duvessa (D:4)
  A hound (D:3)
  An orc wizard (D:2)
  A worker ant (D:3)
  4 gnolls (D:3)
  5 adders (D:2)
  2 oozes
  3 worms
  2 dart slugs
  3 leopard geckos
  2 orcs (D:3)
  3 ball pythons
  13 bats
  2 giant cockroaches
  6 hobgoblins
  4 jackals (D:1)
  10 kobolds
  3 quokkas
  5 frilled lizards
  8 goblins
  7 rats
87 creatures vanquished.

Notes
Turn   | Place    | Note
-------+----------+-------------------------------------------
     0 | D:1      | Firecrotchwizard the Hill Orc Monk began the quest for the Orb.
     0 | D:1      | Reached XP level 1. HP: 19/19 MP: 1/1
   551 | D:1      | Reached XP level 2. HP: 27/27 MP: 2/2
   739 | D:1      | Reached skill level 4 in Fighting
  1154 | D:1      | Reached skill level 5 in Axes
  1462 | D:1      | Reached XP level 3. HP: 33/33 MP: 3/3
  2090 | D:2      | Reached XP level 4. HP: 33/41 MP: 4/4
  2265 | D:2      | Reached skill level 6 in Axes
  2531 | D:2      | Reached XP level 5. HP: 47/47 MP: 5/5
  2886 | D:3      | Found a shadowy altar of Dithmenos.
  2923 | D:3      | Reached skill level 5 in Fighting
  2965 | D:3      | Reached skill level 7 in Axes
  3201 | D:3      | Noticed doroboNeko's ghost (amateur OpCj)
  3425 | D:3      | Reached XP level 6. HP: 56/56 MP: 6/6
  3698 | D:3      | HP: 7/56 [doroboNeko's ghost (17)]
  3702 | D:3      | Killed doroboNeko's ghost
  3702 | D:3      | Reached skill level 1 in Armour
  4088 | D:3      | Found a burning altar of Makhleb.
  4093 | D:3      | Reached skill level 8 in Axes
  4102 | D:3      | Became a worshipper of Makhleb the Destroyer
  4102 | D:3      | Reached * piety under Makhleb
  4102 | D:3      | Reached ** piety under Makhleb
  4233 | D:4      | Noticed Duvessa
  4233 | D:4      | Noticed Dowan
  4242 | D:4      | Killed Duvessa
  4242 | D:4      | Reached skill level 1 in Invocations
  4242 | D:4      | Reached XP level 7. HP: 51/62 MP: 7/7
  4252 | D:4      | HP: 6/62 [Dowan/dagger of electrocution (16)]
  4253 | D:4      | Killed from afar by Dowan

Skill      XL: |  1  2  3  4  5  6 |
---------------+-------------------+-----
Fighting       | 4 5 |  5.9
Axes           | 5 6 7 8 |  8.4
Armour         | 1 |  1.8
Invocations    | 1 |  1.2
Dodging        | |  2.4
Stealth        | |  1.5

Action                   |  1- 3 |  4- 6 |  7- 9 || total
-------------------------+-------+-------+-------++-------
Melee: Hand axe          |    67 |       |       ||    67
       Dagger            |    49 |   223 |     6 ||   278
 Stab: Sleeping          |     1 |       |       ||     1
  Eat: Chunk             |     4 |     7 |       ||    11
Armor: Robe              |    13 |       |       ||    13
       Chain mail        |     9 |   131 |     4 ||   144
Dodge: Dodged            |    89 |   178 |     2 ||   269

Vault maps used:
D:1:      scummos_arrival_checkerplants
D:2:      serial_bayou, serial_bayou_pond_b, serial_bayou_shore_a,
          serial_bayou_pond_b, serial_bayou_pond_b, serial_bayou_pond_b,
          serial_bayou_ford_a
D:3:      makhleb_blood_cavern_becter, lemuel_crystal_altar, first_ration
D:4:      grunt_temple_overflow_bloody_war, lightli_corner_chamber,
          uniq_duvessa, uniq_sigmund

Table legend:
 A = Turns spent in this place as a percentage of turns spent in the entire game.
 B = Non-inter-level travel turns spent in this place as a percentage of non-inter-level travel turns spent in the entire game.
 C = Inter-level travel turns spent in this place as a percentage of turns spent in this place.
 D = Turns resting spent in this place as a percentage of non-inter-level travel turns spent in this place.
 E = Turns spent auto-exploring this place as a percentage of non-inter-level travel turns spent in this place.
 F = Non-inter-level travel turns spent in this place divided by the number of levels of this place that you've seen.
                   A       B       C       D       E      F
               +-------+-------+-------+-------+-------+----------------------
         Total | 100.0 | 100.0 |   4.5 |  35.1 |  48.3 | 1015.2
       Dungeon | 100.0 | 100.0 |   4.5 |  35.1 |  48.3 | 1015.2
               +-------+-------+-------+-------+-------+----------------------

Table legend:
 A = Kills in this place as a percentage of kills in entire the game.
 B = Kills by you in this place as a percentage of kills by you in the entire game.
 C = Kills by friends in this place as a percentage of kills by friends in the entire game.
 D = Other kills in this place as a percentage of other kills in the entire game.
 E = Experience gained in this place as a percentage of experience gained in the entire game.
 F = Experience gained in this place divided by the number of levels of this place that you have seen.
                   A       B       C       D       E      F
               +-------+-------+-------+-------+-------+----------------------
         Total | 100.0 | 100.0 |   N/A |   N/A | 100.0 | 172.5
       Dungeon | 100.0 | 100.0 |   N/A |   N/A | 100.0 | 172.5
               +-------+-------+-------+-------+-------+----------------------
